 Dungeon Crawl Stone Soup version 0.24.0-37-gcf1ca852f1 (webtiles) character file.

Game seed: 18417869110720234374, levelgen mode: deterministic

38 Descartes the Ducker (level 3, -1/17 HPs)
             Began as a Felid Monk on Dec 8, 2019.
             Slain by a jackal (3 damage)
             ... on level 1 of the Dungeon.
             The game lasted 00:01:27 (873 turns).

Descartes the Ducker (Felid Monk)                    Turns: 873, Time: 00:01:27

Health: -1/17      AC:  1    Str:  8    XL:     3   Next: 25%
Magic:  4/4        EV: 20    Int: 11    God:
Gold:   9          SH:  0    Dex: 18    Spells: 2/2 levels left
                                        Lives:  0   Deaths: 0

rFire    . . .     SeeInvis +     - Unarmed
rCold    + . .     Gourm    .   (shield unavailable)
rNeg     . . .     Faith    .   (armour unavailable)
rPois    .         Spirit   .   (helmet unavailable)
rElec    .         Reflect  .   (cloak unavailable)
rCorr    .         Harm     .   (gloves unavailable)
MR       .....                  (boots unavailable)
Stlth    +++.......             (no amulet)
HPRegen  0.05/turn              e - ring of protection from cold
MPRegen  0.09/turn              (no ring)

@: quick
A: very small, no armour, no weapons or thrown items, stealth, claws 1, fangs 3,
see invisible, carnivore, speed 1, shaggy fur 1, slow metabolism 1, sharp paws
a: no special abilities


You were on level 1 of the Dungeon.
You were completely stuffed.

You visited 1 branch of the dungeon, and saw 2 of its levels.

You collected 9 gold pieces.

Inventory:

Missiles
 c - 73 stones
Jewellery
 e - a ring of protection from cold (left paw)
Scrolls
 b - 2 scrolls of enchant weapon {unknown}
 i - a scroll of magic mapping {unknown}
Potions
 d - a potion of heal wounds {unknown}
 f - 2 potions of degeneration {unknown}
 g - a potion of curing {unknown}
Comestibles
 a - 2 rations
 h - 5 chunks of flesh


   Skills:
 + Level 3.2 Fighting
 * Level 4.6 Dodging
 + Level 3.3 Stealth
 * Level 3.5 Unarmed Combat


You had 2 spell levels left.
You didn't know any spells.
Your spell library was empty.

Dungeon Overview and Level Annotations

Branches:
Dungeon (2/15)

Altars:


Innate Abilities, Weirdness & Mutations

You cannot wear armour.
You are incapable of wielding weapons or throwing items.
Your paws allow you to move quietly. (Stealth)
You have sharp claws.
You have razor-sharp teeth.
You have supernaturally acute eyesight. (SInv)
You are carnivorous and can eat meat at any time.
You cover ground quickly.
You are covered in fur. (AC +1)
You have a slow metabolism.
Your sharp claws are effective at attacking unaware monsters.


Message History

* * * LOW HITPOINT WARNING * * *
The jackal barely misses you.
You barely miss the jackal.
The jackal bites you but does no damage.
The jackal closely misses you. The jackal completely misses you.
The jackal completely misses you. The jackal misses you.
You scratch the jackal.
You kill the jackal!
You scratch the jackal.
The jackal is almost dead.
The jackal misses you.
You scratch the jackal.
You kill the jackal!
You barely miss the jackal. The jackal misses you.
The jackal closely misses you.
You miss the jackal. The jackal completely misses you.
You scratch the jackal but do no damage.
The jackal bites you.
You die...

## ###
#. #..
#. #.#
#h #.#
#. #@#
#†###h#
#†.†..#
####..#
#..#
#..#
#..#
##..#
#...#


You could see a jackal.

Vanquished Creatures
  2 dart slugs (D:1)
  A ball python (D:2)
  3 bats (D:1)
  A giant cockroach (D:1)
  2 goblins
  2 hobgoblins
  10 jackals (D:1)
  A quokka (D:2)
  3 kobolds (D:1)
  2 rats (D:1)
27 creatures vanquished.

Notes
Turn   | Place    | Note
-------+----------+-------------------------------------------
     0 | D:1      | Descartes the Felid Monk began the quest for the Orb.
     0 | D:1      | Reached XP level 1. HP: 10/10 MP: 2/2
   280 | D:1      | Reached XP level 2. HP: 14/14 MP: 3/3
   477 | D:1      | You fall into a shaft and drop 1 floor!
   838 | D:1      | Reached XP level 3. HP: 15/17 MP: 4/4
   873 | D:1      | Slain by a jackal

Levels and vault maps discovered:
D:1:      dpeg_arrival_rhombi, layout_loops_ring
D:2:      layout_loops_ring, first_ration, minmay_pentomino_t2

Skill      XL: |  1 |
---------------+----+-----
Stealth        | 3 |  3.3
Fighting       | |  3.2
Dodging        | |  4.6
Unarmed Combat | |  3.5

Action                   || total
-------------------------++-------
Melee: Unarmed           ||    91
       Bite              ||     7
 Stab: Sleeping          ||     6
  Eat: Chunk             ||     7
Armor: Skin              ||     6
Dodge: Dodged            ||    94
